 Dungeon Crawl Stone Soup version 0.22-a0-78-g0f8607c (webtiles) character file.

39242 oplop the Timeless (level 14, -3/97 HPs)
             Began as an Octopode Ice Elementalist on Jan 15, 2018.
             Was a High Priest of Cheibriados.
             Splashed by an acid dragon's acid (13 damage)
             ... on level 15 of the Dungeon.
             The game lasted 01:27:15 (20521 turns).

oplop the Timeless (Octopode Ice Elementalist)     Turns: 20521, Time: 01:27:16

Health: -3/97      AC:  2    Str: 19    XL:     14   Next: 5%
Magic:  20/28      EV: 23    Int: 33    God:    Cheibriados [*****.]
Gold:   1015       SH:  0    Dex: 28    Spells: 13/33 levels left

rFire    + . .     SeeInvis .   a - +2 rapier (elec)
rCold    . . .     Gourm    .   (no shield)
rNeg     + . .     Faith    .   P - +0 hat
rPois    +         Spirit   .   (no amulet)
rElec    .         Reflect  .   l - ring of poison resistance
rCorr    .         Harm     .   m - ring of protection from fire
MR       +....                  F - ring of stealth
Stlth    +++++.....             u - +3 ring of protection
HPRegen  0.26/turn              O - ring of positive energy
MPRegen  0.21/turn              (no ring)
                                (no ring)
                                (no ring)

@: corroded, very slow
A: almost no armour, stealthy swim, amphibious, 8 rings, constrict 8, iridescent
scales 1, camouflage 1, agile 1, gelatinous body 1
a: Bend Time, Temporal Distortion, Slouch, Step From Time, Renounce Religion


You were on level 15 of the Dungeon.
You worshipped Cheibriados.
Cheibriados was extremely pleased with you.
You were hungry.

You visited 4 branches of the dungeon, and saw 21 of its levels.
You also visited: Sewer.

You collected 1015 gold pieces.

Inventory:

Hand Weapons
 a - a +2 rapier of electrocution (weapon)
Armour
 P - a +0 hat (worn)
Magical Staves
 b - an uncursed staff of power
 c - an uncursed staff of wizardry
Jewellery
 l - a ring of poison resistance (left tentacle)
 m - a ring of protection from fire (right tentacle)
 u - a +3 ring of protection (on tentacle)
 F - a ring of stealth (on tentacle)
 O - a ring of positive energy (on tentacle)
Wands
 d - a wand of iceblast (27)
 s - a wand of polymorph (15)
 w - a wand of acid (23)
 x - a wand of scattershot (5)
 A - a wand of flame (58)
 H - a wand of clouds (5)
Scrolls
 g - a scroll of enchant weapon
 h - a scroll of random uselessness
 i - 18 scrolls of identify
 j - 3 scrolls of enchant armour
 k - 2 scrolls of noise
 n - 3 scrolls of teleportation
 o - 3 scrolls of fog
 z - 3 scrolls of amnesia
 B - 3 scrolls of silence
 C - a scroll of magic mapping
 K - a scroll of vulnerability
 L - a scroll of fear
 N - 3 scrolls of remove curse
 Q - a scroll of blinking
Potions
 p - 2 potions of agility
 q - 3 potions of degeneration
 r - 5 potions of curing
 t - 3 potions of haste
 v - a potion of magic
 D - 2 potions of lignification
 G - a potion of might
Books
 y - a book of Frost

   Spells                             Type                      Level
   a - Freeze                         Ice                          1
   b - Throw Frost                    Conjuration/Ice              2
   c - Ozocubu's Armour               Charms/Ice                   3
   d - Throw Icicle                   Conjuration/Ice              4
   e - Summon Ice Beast               Ice/Summoning                4
 E - a book of Burglary

   Spells                             Type                      Level
   a - Swiftness                      Charms/Air                   2
   b - Passwall                       Transmutation/Earth          2
   c - Passage of Golubria            Translocation                4
   d - Lee's Rapid Deconstruction     Earth                        5
   e - Darkness                       Hexes                        6
   f - Invisibility                   Hexes                        6
 I - the Reference Book on Confrontation
   (You found it on level 11 of the Dungeon)

   Spells                             Type                      Level
   a - Mephitic Cloud                 Conjuration/Poison/Air       3
   b - Bolt of Draining               Conjuration/Necromancy       5
   c - Freezing Cloud                 Conjuration/Ice/Air          6
   d - Iron Shot                      Conjuration/Earth            6
 J - a book of Cantrips

   Spells                             Type                      Level
   a - Confusing Touch                Hexes                        1
   b - Animate Skeleton               Necromancy                   1
   c - Summon Small Mammal            Summoning                    1
   d - Apportation                    Translocation                1
 M - a book of Minor Magic

   Spells                             Type                      Level
   a - Magic Dart                     Conjuration                  1
   b - Blink                          Translocation                2
   c - Call Imp                       Summoning                    2
   d - Slow                           Hexes                        2
   e - Conjure Flame                  Conjuration/Fire             3
   f - Mephitic Cloud                 Conjuration/Poison/Air       3
Comestibles
 e - 19 rations


   Skills:
 + Level 9.1 Fighting
 + Level 9.3 Dodging
 - Level 2.6 Stealth
 - Level 10.0 Spellcasting
 - Level 8.9 Conjurations
 - Level 2.0 Summonings
 + Level 4.3 Translocations
 - Level 10.3 Ice Magic
 - Level 4.0 Air Magic
 + Level 10.5 Invocations


You had 13 spell levels left.
You knew the following spells:

 Your Spells              Type           Power        Failure   Level  Hunger
a - Freeze                Ice            ####         1%          1    None
b - Ozocubu's Armour      Chrm/Ice       ######..     1%          3    None
c - Summon Ice Beast      Ice/Summ       ######..     2%          4    None
d - Throw Icicle          Conj/Ice       ######..     1%          4    None
e - Freezing Cloud        Conj/Ice/Air   ######....   19%         6    #####..
f - Blink                 Tloc           N/A          1%          2    None


Dungeon Overview and Level Annotations

Branches:
Dungeon (15/15)            Temple (1/1) D:6            Lair (4/6) D:10
  Swamp (0/4) Lair:2        Snake (0/4) Lair:2          Orc (1/2) D:10
 Vaults (0/5) D:14
 Depths: D:15

Altars:
Ashenzari
Cheibriados
Dithmenos
Elyvilon
Fedhas
Gozag
Hepliaklqana
Kikubaaqudgha
Makhleb
Nemelex Xobeh
Okawaru
Qazlal
Ru
Sif Muna
Trog
Uskayaw
Vehumet
Wu Jian
Xom
Yredelemnul
Zin
The Shining One

Shops:
D:10 [

Annotations:
D:4 Edmund
D:7 Joseph; Pawles22's ghost, novice GrFi
D:8 1 exclusion
Lair:3 exclusion: oklob plant
Lair:4 exclusions: hydra and 3 more exclusions, Rupert


Innate Abilities, Weirdness & Mutations

You cannot wear most types of armour.
You are very stealthy in the water. (Stealth+)
You are amphibious.
You can wear up to eight rings at the same time.
You can use your tentacles to constrict eight enemies at once.
Your skin changes colour to match your surroundings (Stealth+).
Your rubbery body absorbs attacks. (AC +1, EV +1)
You are partially covered in iridescent scales. (AC +2)
You are agile. (Dex +2)


Message History

The gargoyle hurls a stone arrow at you.
The stone arrow misses you.
The stone arrow hits the centaur warrior.
The centaur warrior misses you.
As you read the scroll of teleportation, it crumbles to dust.
You feel strangely unstable. The centaur warrior barely misses you.
The crimson imp closely misses you.
The centaur warrior hits you but does no damage.
The gargoyle closely misses you. The centaur warrior hits you!
* * * LOW HITPOINT WARNING * * *
The crimson imp misses you.
Your surroundings suddenly seem different.
The acid dragon roars!
Found a potion of magic.
The kobold demonologist looks satisfied for a moment.
The acid dragon spits acid at you. The splash of acid hits you!
* * * LOW HITPOINT WARNING * * *
The acid corrodes you!
You are splashed with acid!
The acid burns!
You die...

.#.....##.....#.#†#
....D.9#........#.#
....c.5..####.....#
.........###..###.######
(.............#!#......#
.......######.###......#
..........!............#
.......########..D.....#
...###.########.@......#
.$.#{#.#.....#.....#####
...###..............#
..............K....#
##.#.......Z.......#
#....5............#
###..Z............#
#.YK.............
........Q....


You could see a kobold demonologist, an acid dragon and a centaur warrior
simulacrum (wandering).

Vanquished Creatures
  Gastronok (Lair:2)
  A hydra (Lair:4)
  A catoblepas (D:13)
  4 centaur warriors
  7 two-headed ogres
  A death yak (Lair:4)
  Sonja (D:11)
  An unseen horror (D:10)
  A wizard (D:14)
  3 harpies (D:13)
  2 ugly things (D:15)
  A manticore (D:14)
  A moth of wrath (shapeshifter) (D:13)
  A centaur zombie (D:12)
  A black mamba (Lair:3)
  3 centaur skeletons
  6 spiny frogs
  A kobold demonologist (D:14)
  5 trolls
  3 polar bears (Lair:3)
  A hornet (D:12)
  2 slime creatures (D:15)
  A hippogriff (D:11)
  2 shadows
  5 wyverns
  A vampire (D:14)
  2 wraiths
  10 yaks
  13 humans (D:14)
  3 basilisks (D:13)
  2 vampire mosquitoes (D:14)
  8 water moccasins
  6 orc warriors
  4 porcupines
  4 sky beasts
  An eye of draining (D:12)
  2 ice beasts
  3 ogres
  A phantom (D:12)
  3 centaurs
  8 crocodiles
  3 big kobolds
  6 bullfrogs
  3 scorpions
  7 killer bees
  9 wights
  2 electric eels
  2 howler monkeys
  A bullfrog zombie (D:11)
  3 crimson imps
  8 orc wizards
  6 orc priests
  3 hounds
  5 iguanas
  4 worker ants
  A killer bee zombie (D:8)
  A hound zombie (D:11)
  A hound skeleton (D:6)
  A worker ant zombie (D:11)
  3 gnolls
  15 adders
  4 river rats
  3 shadow imps
  An adder zombie (D:7)
  A worm (Sewer)
  3 dart slugs
  11 leopard geckos
  32 orcs
  6 giant cockroaches
  2 goblins
  7 hobgoblins
  9 jackals
  7 quokkas
  5 ball pythons
  5 bats
  8 frilled lizards
  12 kobolds
  A quokka skeleton (D:8)
  9 rats
  A fungus (D:10)
  A plant (Lair:4)
  A withered plant (D:13)
340 creatures vanquished.

Vanquished Creatures (collateral kills)
  A two-headed ogre (D:9)
  An ogre mage (D:15)
  A wizard (D:14)
  A deep elf mage (D:14)
  An ugly thing (D:11)
  A mana viper (shapeshifter) (D:14)
  An orc knight (D:14)
  A faun (shapeshifter) (D:14)
  A cyclops (D:12)
  A centaur zombie (D:14)
  A spiny frog (Lair:3)
  A centaur skeleton (D:10)
  A gargoyle (D:11)
  A rime drake (Lair:4)
  2 trolls
  A slime creature (D:15)
  A polar bear (Lair:3)
  2 hippogriffs (D:11)
  A vampire (D:11)
  Eustachio (D:6)
  12 yaks
  3 humans (D:14)
  A hungry ghost (D:11)
  A vampire mosquito (D:14)
  A water moccasin (Lair:1)
  3 orc warriors
  A porcupine (D:10)
  2 black bears
  A sky beast (D:9)
  An eye of draining (D:9)
  3 phantoms
  2 ogres
  2 centaurs
  7 crocodiles
  3 bullfrogs
  8 killer bees
  9 wights
  2 howler monkeys
  3 crimson imps
  4 orc wizards
  4 iguanas
  7 worker ants
  4 gnolls
  A shadow imp (D:15)
  An adder skeleton (D:8)
  7 orcs
  A quokka (D:6)
  3 frilled lizards (Lair:1)
  2 kobolds (D:14)
  A leopard gecko skeleton (D:6)
122 creatures vanquished.

Vanquished Creatures (others)
  A wizard (D:9)
  A bullfrog (D:9)
  15 fungi
  5 plants
22 creatures vanquished.

Grand Total: 484 creatures vanquished

Notes
Turn   | Place    | Note
-------+----------+-------------------------------------------
     0 | D:1      | oplop the Octopode Ice Elementalist began the quest for the Orb.
     0 | D:1      | Reached XP level 1. HP: 11/11 MP: 3/3
    43 | D:1      | Wingboner: Я ж почему и турнир пропустил: работа навалилась.
    50 | D:1      | oplop: а я 3 дня не задротил и меня выкинули из команды
    50 | D:1      | oplop: ы
   350 | D:1      | Wingboner: Шит!
   355 | D:1      | Reached XP level 2. HP: 16/17 MP: 5/5
   551 | D:2      | Wingboner: Оче большой, да.
   551 | D:2      | oplop: предлагаешь мне под него залезть и жить там?
   582 | D:2      | Found a sacrificial altar of Ru.
   595 | D:2      | Reached skill level 1 in Fighting
   595 | D:2      | Reached XP level 3. HP: 15/23 MP: 3/6
   734 | D:2      | oplop: действительно, зачем идти за орбом, если на д1 есть офигенный щит
   734 | D:2      | oplop: под которым можно жить
   757 | D:2      | Wingboner: К сожалению, вырезали респаун.
   757 | D:2      | Wingboner: Так что жрать нечего.
   757 | D:2      | Wingboner: Тентаклями себя развлекать, конечно, можно, но на одном этом не прожить.
   757 | D:2      | oplop: ммм, респаун вырезали?
   757 | D:2      | Wingboner: Ну да, совсем.
   757 | D:2      | oplop: охуительно
   757 | D:2      | oplop: они там совсем, блядь, конченные
   757 | D:2      | Reached XP level 4. HP: 19/28 MP: 5/8
   880 | D:2      | Wingboner: Зато вместо этого больше мобов генерится при создании уровня.
  1077 | D:2      | Wingboner: И некоторые из них сложнее чем раньше
  1285 | D:2      | Wingboner: Которые раньше генерились только как OOD по таймеру.
  1293 | D:2      | Wingboner: Так что на д1 реально поймать жабу теперь.
  1339 | D:2      | Wingboner: Мутачанки выпилили.
  1352 | D:2      | Wingboner: Всю еду, кроме рационов.
  1352 | D:2      | oplop: xnf
  1352 | D:2      | oplop: чта
  1352 | D:2      | oplop: что за мутачанки?
  1356 | D:2      | Learned a level 3 spell: Ozocubu's Armour
  1379 | D:2      | Wingboner: Мясо мутагенное. Mutagenic chunks of meat.
  1379 | D:2      | oplop: а, тьфу
  1379 | D:2      | oplop: это давно вроде
  1379 | D:2      | Wingboner: Не, более-менее недавно.
  1379 | D:2      | oplop: ебанутые они, короче
  1379 | D:2      | Wingboner: Я это давно понял.
  1789 | D:3      | oplop: эта
  1789 | D:3      | oplop: помнишь, спелл был в транслоках, 8 или 9
  1789 | D:3      | oplop: черная дыра
  1789 | D:3      | oplop: он ж только в транке был?
  1800 | D:3      | Reached XP level 5. HP: 33/33 MP: 9/9
  2082 | D:3      | Wingboner: 9
  2087 | D:3      | Learned a level 4 spell: Summon Ice Beast
  2087 | D:3      | Wingboner: Нет, попал на одну версию в стабильную ветку.
  2088 | D:3      | oplop: 17&
  2088 | D:3      | oplop: ?
  2088 | D:3      | Wingboner: 0.16, можно играть в онлайне.
  2088 | D:3      | oplop: а, тощн
  2689 | D:3      | Wingboner: Вот кстати несколько новых заклинаний годных не пропустил?
  2812 | D:4      | oplop: inf&
  2812 | D:4      | oplop: шта
  2812 | D:4      | oplop: моя твоя не понимай
  2836 | D:4      | Noticed Edmund
  2838 | D:4      | Wingboner: Ignition, poison vapour, vile clutch, infestationю
  2838 | D:4      | oplop: ну, про первое знаю
  2838 | D:4      | oplop: второе - говно, как и весь пойзон
  2838 | D:4      | oplop: третье видел
  2838 | D:4      | oplop: четвертое - хз что
  2838 | D:4      | Wingboner: Не, начало игры дико тащит.
  2838 | D:4      | Wingboner: ??infestation
  2838 | D:4      | beem: infestation[1/2]: L8 Necromancy spell in the Necronomicon. Applies the "infested" enchantment to monsters in a smite-targeted radius 2 AoE, for a duration depending on power. Infested creatures leave a temporary, but long-lived friendly death scarab when they die. Affects anything that gives XP. Enemies can be infested out of LOS.
  2838 | D:4      | oplop: это ж типа отрава со смайт таргетом
  2838 | D:4      | oplop: я про пойзон вапор
  2838 | D:4      | Wingboner: Да, ядовитое облако на 1 клетку на 1 ход, потом на 2-3 можно докачать.
  2883 | D:4      | Reached XP level 6. HP: 27/39 MP: 11/11
  2903 | D:4      | Wingboner: А восьмёрка некромантии довольно мощная, проклинаешь врага и при смерти из него скарабей лезет.
  2964 | D:4      | oplop: ну я прочел, да:3
  2964 | D:4      | oplop: вообще любого моба?
  3451 | D:5      | oplop: андедов атм, демонов
  3451 | D:5      | Entered Level 5 of the Dungeon
  3452 | D:5      | Wingboner: Ну как inner flame, те же ограничения.
  3502 | D:5      | Wingboner: На самоны не работает.
  3603 | D:5      | oplop: ясн
  3603 | D:5      | oplop: я чет за магов не умею играть особо
  3603 | D:5      | oplop: только за гибридов
  3837 | D:5      | Noticed a phantom
  3972 | D:5      | Found a glowing drain.
  3985 | Sewer    | Entered a sewer
  4010 | Sewer    | Reached skill level 5 in Ice Magic
  4023 | Sewer    | Reached XP level 7. HP: 33/45 MP: 13/13
  4094 | Sewer    | Wingboner: Я умею, но всё равно самый простой вариант — качать мили, а потом переобуваться в прыжке и к в5 вкачивать девятку.
  4222 | Sewer    | oplop: кстати, а палка земли вообще ценна как мили оружие?
  4513 | D:5      | Wingboner: Уже не настолько. Неплохая в целом, сделать 15 ею можно, но не имба.
  4520 | D:5      | Wingboner: Понерфили давно.
  4611 | D:5      | Reached skill level 5 in Spellcasting
  4611 | D:5      | Reached XP level 8. HP: 38/52 MP: 15/15
  4967 | D:6      | Noticed Eustachio
  4981 | D:6      | Wingboner: Главный минус — что надо много экспы вложить, чтобы она вышла на серьёзный уровень.
  5015 | D:6      | Killed Eustachio
  5015 | D:6      | Reached skill level 1 in Summonings
  5018 | D:6      | oplop: ну да, 3 скилла качать
  5044 | D:6      | Wingboner: Ну в посохи там немного.
  5064 | D:6      | Wingboner: А вот остальные два да.
  5317 | D:6      | Learned a level 4 spell: Throw Icicle
  5725 | D:7      | oplop: ёпт
  5788 | D:7      | Noticed Joseph
  5847 | D:6      | oplop: о, тут секреточка
  5852 | D:6      | Wingboner: ?
  5854 | D:6      | Wingboner: А, лестниц мало.
  5854 | D:6      | oplop: угу
  5854 | D:6      | oplop: храм спрятался
  5902 | D:7      | oplop: эта
  5902 | D:7      | Wingboner: Я просто привык в консоли их иначе видеть.
  5902 | D:7      | oplop: а как теперь федхас работает?
  5902 | D:7      | oplop: без еды то
  5916 | D:7      | Wingboner: Так же. Только жрёт рационы.
  5986 | D:7      | Noticed Pawles22's ghost (novice GrFi)
  5986 | D:7      | Wingboner: По более высокому курсу.
  5986 | D:7      | oplop: ясн\
  5986 | D:7      | Wingboner: Весёлый у тебя д7.
  5986 | D:7      | oplop: да, отличный
  5986 | D:7      | oplop: 10 из 10 прост
  5986 | D:7      | Wingboner: Угу, я видел Йосю.
  5986 | D:7      | oplop: кстати, что насчет консула думаешь?
  5986 | D:7      | oplop: помоему, говно
  6108 | D:7      | Wingboner: Изначально, в эксперименталке, был охренительно интересным богом с UNLIMITED BLADE WORKS. Потом это вырезали, сделали умеренно интересного бога с альтернативой табалке. Потом её понерфили очень сильно, и сейчас это бог уровня текущего Нема: своя фишка есть, достаточно интересная, но в большинстве случаев не первый, не второй и даже не третий выбор.
  6108 | D:7      | oplop: как боевая лягуха, короче
  6210 | D:7      | Reached XP level 9. HP: 52/58 MP: 14/18
  6539 | D:7      | Wingboner: Вот нет. Жаба больше на Гозага похожа. Изначально была жутчайшим говнищем, потом несколько раз бафали, и сейчас уже просто слегка говнецо.
  6544 | D:7      | oplop: лол
  6640 | D:6      | Found a staircase to the Ecumenical Temple.
  6651 | Temple   | Entered the Ecumenical Temple
  6729 | Temple   | Became a worshipper of Cheibriados the Contemplative
  6734 | D:6      | Wingboner: А Гозаг вообще до уровня барда в D&D 3.5 дошёл...
  6774 | D:7      | oplop: ?
  6821 | D:8      | Reached skill level 5 in Dodging
  6964 | D:8      | Noticed a two-headed ogre
  7009 | D:8      | Noticed a two-headed ogre
  7126 | D:8      | Killed a two-headed ogre
  7302 | D:8      | oplop: улей
  7302 | D:8      | oplop: нахуй улей
  7302 | D:8      | Wingboner: Он изначально был довольно слабеньким классом, ну его в каждой выходящей книге чем-нибудь и бафали. То введут шмотку с бонусом к бардовским эффектам, то престиж-класс для бардов, то ещё что-то... В итоге из барда можно собрать жуткую имбу, но многие по-прежнему считают его слабым (по привычке), и очень удивляются, когда встречают сильного врага, уже заранее ссутся в штаны, и тут бард кидает на них пару баффов, и этот враг просто распыляется.
  7302 | D:8      | Wingboner: Вот и Гозаг. Был довольно хреновым богом, а сейчас стал уже очень хорошим.
  7383 | D:8      | Killed a two-headed ogre
  7383 | D:8      | Reached skill level 1 in Invocations
  7510 | D:8      | Wingboner: Одно время всерьёз было, когда читал комиты:
  7708 | D:8      | oplop: лол
  7708 | D:8      | oplop: последователи зигмунда
  7864 | D:9      | Noticed a troll
  7875 | D:9      | Killed a troll
  7875 | D:9      | Reached * piety under Cheibriados
  7875 | D:9      | Reached skill level 5 in Fighting
  7914 | D:9      | Noticed a troll
  8065 | D:9      | Noticed a two-headed ogre
  8079 | D:9      | Killed a two-headed ogre
  8079 | D:9      | Reached XP level 10. HP: 50/66 MP: 14/21
  8157 | D:9      | Wingboner: Вырежем фичу, бафнем Гозага, оптимизируем функцию, вырежем остатки старой фичи, бафнем Гозага, уберём лишние пробелы, бафнем Гозага, пофиксим баг, впилим нового бога, бафнем Гозага, нерфнем нового бога, ещё раз нерфнем его... Стоп, что-то забыли сделать. А, точно. Гозага бафнуть надо.
  8163 | D:9      | oplop: лолд
  8330 | D:9      | Noticed a wizard
  8436 | D:8      | oplop: чет слишком весело тут
  8436 | D:8      | oplop: и книг нет
  8479 | D:8      | Wingboner: Обычно, когда такая жара, то лут оче хороший.
  8479 | D:8      | Wingboner: У тебя вот посох.
  8479 | D:8      | oplop: ну это да
  8740 | D:9      | oplop: бля
  8740 | D:9      | oplop: ща сдохну
  8746 | D:9      | Killed a wizard
  8747 | D:9      | oplop: хмммм
  8747 | D:9      | oplop: визард выпилился своей молнией
  8747 | D:9      | Wingboner: Кек.
  8747 | D:9      | oplop: он молодец
  8807 | D:9      | Wingboner: А ты два раза увернулся?
  8807 | D:9      | oplop: да
  8807 | D:9      | oplop: я же нинзя-осьминожка
  8865 | D:9      | Reached skill level 5 in Invocations
  9272 | D:10     | Entered Level 10 of the Dungeon
  9436 | D:10     | Wingboner: http://img1.ak.crunchyroll.com/i/spire3-tmb/1c402257aef56f19e6687c24eabdae191419554139_full.jpg
  9440 | D:10     | oplop: типа того
  9474 | D:10     | Found Xiacomiu's Antique Armour Shoppe.
  9482 | D:10     | Reached ** piety under Cheibriados
  9831 | D:10     | oplop: сука
  9831 | D:10     | oplop: ансина не запалил
  9974 | D:10     | oplop: 2 кольца, 0 книг
  9974 | D:10     | oplop: зато ПАЛКА
 10206 | D:10     | Wingboner: Кстати, ты видел, как волшебные палочки сейчас работают?
 10206 | D:10     | oplop: да, они теперь аккумуляторные
 10206 | D:10     | Wingboner: Агась.
 10476 | D:10     | oplop: пиздец говно
 10476 | D:10     | oplop: но неудивительно
 10476 | D:10     | oplop: так
 10476 | D:10     | oplop: че мне делать то?
 10476 | D:10     | Wingboner: Страдать?
 10476 | D:10     | oplop: меня ансин в лейр не пускает
 10476 | D:10     | oplop: а конструктивно?
 10476 | D:10     | oplop: я и так страдаю нон-соп
 10476 | D:10     | Wingboner: о____О
 10476 | D:10     | Wingboner: Почему ты не можешь выпилить ансина?
 10476 | D:10     | oplop: чем?
 10476 | D:10     | Wingboner: Фризом.
 10476 | D:10     | Wingboner: Коридор, озо, стоишь на месте и плюёшься фризом.
 10476 | D:10     | oplop: гм
 10476 | D:10     | Wingboner: Ну или вон какая куча палок.
 10476 | D:10     | oplop: попробую
 10476 | D:10     | Wingboner: Ими вообще халява.
 10476 | D:10     | oplop: палка-дробаш
 10515 | D:10     | Killed an unseen horror
 10515 | D:10     | Reached XP level 11. HP: 39/73 MP: 23/23
 10803 | D:10     | Found a staircase to the Lair.
 10881 | D:10     | Found a staircase to the Orcish Mines.
 10995 | D:11     | Gained mutation: Your body sometimes deteriorates upon taking damage. [potion of mutation]
 10995 | D:11     | Gained mutation: You are surrounded by a mild repulsion field. (EV +2) [potion of mutation]
 10995 | D:11     | Gained mutation: Your system is resistant to poisons. (rPois) [potion of mutation]
 10996 | D:11     | oplop: ня
 10996 | D:11     | oplop: подгнивающий октопод
 10996 | D:11     | Wingboner: Мжвячне мутагенчики.
 10996 | D:11     | tsumetai: с чеистатами не страшно
 10996 | D:11     | oplop: как думаешь, мутагены до 0.22 доживут?:)
 10996 | D:11     | oplop: да, чеи из лав, чеи из лайф
 11069 | Lair:1   | Entered Level 1 of the Lair of Beasts
 11084 | Lair:1   | Wingboner: Точно знаю, что доживут. Более того, они догадываются, что херню спороли, когда мясо выпилили, и хотят запилить другой источник мутаций ещё.
 11364 | Lair:1   | tsumetai: лейт хуёвый без рмута
 11395 | Lair:1   | tsumetai: мерзкий
 11400 | Lair:1   | Wingboner: Ну так вкачай его.
 11400 | Lair:1   | Wingboner: Что мешает?
 11537 | Lair:1   | Reached *** piety under Cheibriados
 11809 | Lair:1   | oplop: кстати
 11809 | Lair:1   | oplop: у гидроформы головы ща рубятся или нет?
 11809 | Lair:1   | oplop: бим говорит, что рубятся
 11809 | Lair:1   | oplop: но помоему пиздит он
 11809 | Lair:1   | Wingboner: Не знаю, я ею не пользуюсь. Хотели это выпилить.
 11809 | Lair:1   | Wingboner: Но не знаю, выпилили ли.
 11809 | Lair:1   | Wingboner: Сейчас гляну.
 11809 | Lair:1   | Wingboner: !git :/hydra form
 11809 | Lair:1   | beem: MarvinPA * 0.20-a0-985-g54150e0: Fix Confusing Touch being able to affect multiple targets in a turn (9 months ago, 1 file, 1+ 1-) https://github.com/crawl/crawl/commit/54150e06a2dd
 11809 | Lair:1   | Wingboner: Ага, нашёл.
 11809 | Lair:1   | Wingboner: Рубятся головы, но теперь только в минус.
 11809 | Lair:1   | Wingboner: То есть не отрастают новые.
 11809 | Lair:1   | tsumetai: неужели гидроформа такой поломаной была
 11809 | Lair:1   | tsumetai: я вот её вообще видил раз или два
 11809 | Lair:1   | Wingboner: Нет, если не арбузить. Ну вот арбуз и выпилили.
 11809 | Lair:1   | Wingboner: Гидроформа в целом хороша против толпы мелочи.
 11809 | Lair:1   | Wingboner: Но проблема в том, что 1 сильны моб её расквасит.
 11809 | Lair:1   | oplop: угу
 11809 | Lair:1   | oplop: её даже яки ебут
 11809 | Lair:1   | oplop: если к лейру получить
 11809 | Lair:1   | Wingboner: Ну с яками у меня проблем не было.
 11809 | Lair:1   | Wingboner: А вот с каменными гигантами были.
 11809 | Lair:1   | oplop: мне на ней нравилось орков есть
 11809 | Lair:1   | oplop: вообще изи-бризи, но это когда головы рубились
 11815 | Lair:1   | Wingboner: Я кончил радугой, когда к оркам игнишн вкачал.
 11831 | Lair:1   | Wingboner: Их просто-таки распидарасило.
 11867 | Lair:1   | oplop: к оркам восьмерку? силен
 11959 | Lair:1   | Wingboner: Но ведь это довольно легко.
 11962 | Lair:1   | Wingboner: Я два раза так.
 12180 | Lair:1   | Wingboner: !lm . status=tornado min=xl
 12180 | Lair:1   | beem: 333. [2015-12-16 16:42:30] casual the Aerator (L15 HEAE of Vehumet) killed Psyche on turn 50886. (Orc:3)
 12271 | Lair:2   | Noticed Gastronok
 12272 | Lair:2   | Wingboner: Вон на 15 уже можно девятку кастовать.
 12272 | Lair:2   | oplop: гм
 12272 | Lair:2   | oplop: гастранок
 12272 | Lair:2   | oplop: убью?
 12272 | Lair:2   | tsumetai: не думаю
 12272 | Lair:2   | Wingboner: Что на голове?
 12272 | Lair:2   | Wingboner: Фу.
 12272 | Lair:2   | Wingboner: Даже безбренд.
 12272 | Lair:2   | Wingboner: Я б не трогал.
 12290 | Lair:2   | Wingboner: Вот если б ТА САМАЯ шапка, то был бы смысл.
 12348 | Lair:2   | oplop: упс
 12348 | Lair:2   | oplop: >C:\Users\Derp\Downloads
 12348 | Lair:2   | oplop: тьфу
 12348 | Lair:2   | Wingboner: Кек.
 12348 | Lair:2   | Wingboner: Спидовый!
 12348 | Lair:2   | oplop: >Gastronok puts on a burst of speed!
 12348 | Lair:2   | oplop: да
 12348 | Lair:2   | oplop: мож его слоче ебнуть?
 12348 | Lair:2   | tsumetai: lul
 12348 | Lair:2   | oplop: че он такой охуевший
 12348 | Lair:2   | oplop: а
 12348 | Lair:2   | Wingboner: А он у тебя есть? ^^
 12348 | Lair:2   | oplop: нету слоуча
 12348 | Lair:2   | Wingboner: 4 звезды надо.
 12348 | Lair:2   | tsumetai: даже если был бы трата паети
 12348 | Lair:2   | tsumetai: пустая
 12352 | Lair:2   | Found a staircase to the Swamp.
 12368 | Lair:2   | tsumetai: он щас дорогой
 12381 | Lair:2   | Reached **** piety under Cheibriados
 12390 | Lair:2   | oplop: шо, слоуч нерфанули? ну пиздец
 12424 | Lair:2   | Wingboner: Я не видел.
 12424 | Lair:2   | tsumetai: чеи нерфанули
 12433 | Lair:2   | Wingboner: Мне по-прежнему норм.
 12466 | Lair:2   | Found a staircase to the Snake Pit.
 12524 | Lair:2   | Wingboner: Нерф в основном коснулся только быстрых рас.
 12524 | Lair:2   | tsumetai: добавили декей за инактив
 12524 | Lair:2   | oplop: а че там помимо слоуча?
 12524 | Lair:2   | tsumetai: как у других божков
 12524 | Lair:2   | oplop: не играл полтора года
 12524 | Lair:2   | oplop: или около того
 12538 | Lair:2   | Wingboner: По сути выпилили take it easy.
 12553 | Lair:2   | tsumetai: да
 12578 | Lair:3   | Wingboner: Но мало кто кроме меня играет за Sp^Che.
 12591 | Lair:3   | oplop: воу
 12591 | Lair:3   | oplop: пойду ка я в данж еще
 12597 | Lair:3   | Wingboner: А всем кроме спрыгунов и кентварей вообще пофиг на этот нерф.
 12973 | Lair:3   | Noticed an oklob plant
 13071 | Lair:3   | oplop: о, протект подъехал
 13095 | Lair:3   | Lost mutation: Your system is resistant to poisons. (rPois) [potion of mutation]
 13095 | Lair:3   | Lost mutation: You are surrounded by a mild repulsion field. (EV +2) [potion of mutation]
 13095 | Lair:3   | Lost mutation: Your body sometimes deteriorates upon taking damage. [potion of mutation]
 13095 | Lair:3   | Gained mutation: You are partially covered in iridescent scales. (AC +2) [potion of mutation]
 13095 | Lair:3   | Gained mutation: You are agile. (Dex +2) [potion of mutation]
 13096 | Lair:3   | oplop: о, еще ац
 13096 | Lair:3   | oplop: найс
 13543 | Lair:4   | Noticed Rupert
 13543 | Lair:4   | Noticed a five-headed hydra
 13544 | Lair:4   | oplop: ебать
 13544 | Lair:4   | oplop: это почти рип
 13544 | Lair:4   | tsumetai: почти?
 13544 | Lair:4   | oplop: ну вот если б они проснулись
 13544 | Lair:4   | oplop: я б не ушел, думаю
 13666 | Lair:4   | Killed a five-headed hydra
 13666 | Lair:4   | Reached XP level 12. HP: 81/81 MP: 15/25
 13774 | Lair:4   | Noticed a death yak
 13825 | Lair:4   | tsumetai: шел бы ты в данж, октопод
 13829 | Lair:4   | Wingboner: Протект сейчас, к сожалению, не пассивный...
 13838 | Lair:4   | oplop: ага
 13838 | Lair:4   | oplop: но дает больше
 13838 | Lair:4   | oplop: но нахер он такой не нужен
 14001 | D:11     | Noticed Sonja
 14003 | D:10     | oplop: соня еще
 14003 | D:10     | oplop: а я рпойз проебал
 14116 | D:11     | tsumetai: а че вандов нет
 14117 | D:11     | Wingboner: КЕК
 14121 | D:11     | Wingboner: Вампир тебе намного опаснее сони.
 14124 | D:11     | tsumetai: изи
 14124 | D:11     | tsumetai: clap
 14129 | D:11     | oplop: а вампир из инвиза выйдет погулять?
 14132 | D:11     | Wingboner: Да, но ты до этого не доживёшь.
 14166 | D:11     | oplop: ну еба
 14167 | D:11     | Wingboner: СМТОЙ
 14168 | D:11     | Killed Sonja
 14170 | D:11     | Wingboner: Её надо было просто полиморфнуть.
 14170 | D:11     | oplop: СЛАБОУМИЕ И ОТВАГА
 14170 | D:11     | Wingboner: MR же хер да маленько.
 14227 | D:11     | Noticed a centaur warrior
 14227 | D:11     | oplop: ААААААА
 14227 | D:11     | Wingboner: Только сейчас и только у нас: забеги с горелой жопой.
 14237 | D:11     | Killed a centaur warrior
 14311 | D:11     | Reached ***** piety under Cheibriados
 14515 | D:11     | Identified the Reference Book on Confrontation
 14517 | D:11     | oplop: ЕЕЕЕЕ
 14517 | D:11     | oplop: фризин клод
 14524 | D:11     | Learned a level 6 spell: Freezing Cloud
 14622 | D:11     | oplop: кстати, а сила саммонов от спеллпавера зависит
 14622 | D:11     | oplop: ?
 14646 | D:11     | Wingboner: Большинства нет. Есть пара исключений.
 14693 | D:11     | Wingboner: Фамильяр, например.
 14832 | D:12     | Reached skill level 1 in Air Magic
 15664 | D:12     | Reached skill level 10 in Spellcasting
 16057 | D:12     | Wingboner: Годно.
 16058 | D:12     | oplop: такое
 16058 | D:12     | oplop: пойду дальше в лейр страдать
 16058 | D:12     | oplop: или не
 16058 | D:12     | Wingboner: Уже можешь плеваться облачком?
 16058 | D:12     | oplop: схожу на д13
 16058 | D:12     | oplop: 25%
 16058 | D:12     | Wingboner: Я спать.
 16058 | D:12     | Wingboner: Успехов тут.
 16058 | D:12     | oplop: снов
 16058 | D:12     | oplop: заглядывай
 16106 | D:13     | Reached skill level 5 in Conjurations
 16139 | D:13     | Wingboner: Если будешь в онлайне, когда я проверяю отслеживание, то загляну.
 16144 | D:13     | Wingboner: !isonline @allofthem
 16148 | D:13     | Wingboner: !stalk allofthem
 16148 | D:13     | beem: 11 minutes, 24 seconds since last activity (@allofthem)
 16148 | D:13     | beem: oplop the L12 OpIE^Chei in D:11 (cxc tiles), T:14168, defenses: 14/21/0, stats: 17/31/26
 16148 | D:13     | oplop: кстати
 16148 | D:13     | oplop: как глянуть кто в @allofthem?
 16148 | D:13     | Wingboner: !nick allofthem
 16148 | D:13     | oplop: я так и не разобрался в командах бота
 16148 | D:13     | beem: Mapping allofthem => wvc waterpls ngotmuk noir margery fiftynine emanloe uristpineapples ldf ololoev sar defe haldagan runewalsh ziggystardust malog whatislove crauler miyamura stonewall xeno23 casual uristmcmason hannibal hungryspirit oplop jacquesderrida baka namelastname112 magnus pekapeka rester5115 imraulkays totalnoob futacatgirl swagnemite ohyou hyperldf letchik blinkfrog illaniel yoba te...
 16148 | D:13     | Wingboner: В ирке в личку боту, чтобы увидеть все ники.
 16148 | D:13     | Wingboner: Ну или
 16148 | D:13     | oplop: о, а водичка играет еще?
 16148 | D:13     | oplop: !ml waterpls
 16148 | D:13     | Wingboner: !lm allofthem thisyear s=name
 16148 | D:13     | oplop: !lm waterpls
 16148 | D:13     | beem: 6984 milestones for allofthem (thisyear): 1988x theanonym, 1314x HungrySpirit, 715x Tovarisch, 620x Iwannabefree, 484x Plasmagod, 327x ldf, 264x Miyamura, 211x Oozefury, 210x ololoev, 195x oplop, 192x namelastname112, 104x Lavandula, 91x Sar, 84x epen, 73x WhatIsLove, 34x Fairytaker, 27x wvc, 25x tsumetai, 22x casual, 4x nono
 16148 | D:13     | beem: 13731. [2017-12-24 18:15:41] Waterpls the Ripper (L13 FeEn of Hepliaklqana) mangled by a blink frog (Lair:6)
 16148 | D:13     | oplop: играет
 16171 | D:13     | Wingboner: В тред пиши, если что.
 16171 | D:13     | Wingboner: Я всегда там.
 16171 | D:13     | Wingboner: Всё, ушёл.
 16579 | D:13     | Noticed a centaur warrior
 16588 | D:13     | Killed a centaur warrior
 16768 | D:13     | Learned a level 2 spell: Blink
 17114 | D:13     | Noticed a catoblepas
 17882 | Lair:2   | Killed Gastronok
 17882 | Lair:2   | Reached skill level 10 in Ice Magic
 17882 | Lair:2   | Reached XP level 13. HP: 88/88 MP: 2/27
 18754 | D:13     | oplop: мда
 18754 | D:13     | oplop: такой волт
 18754 | D:13     | oplop: и только щит рефлекта
 18774 | D:14     | Found a gate to the Vaults.
 18775 | D:14     | oplop: ой лол
 18775 | D:14     | oplop: тренеровка
 18862 | Orc:1    | Entered Level 1 of the Orcish Mines
 18865 | Orc:1    | Noticed a stone giant
 19239 | D:14     | Reached skill level 1 in Translocations
 19935 | D:14     | Reached skill level 10 in Invocations
 20368 | D:15     | Entered Level 15 of the Dungeon
 20415 | D:15     | Reached XP level 14. HP: 97/97 MP: 6/28
 20521 | D:15     | Splashed by an acid dragon's acid

Vault maps used:
D:1:      scummos_arrival_checkerplants
D:2:      nicolae_ru_great_annihilating_truth, first_ration
D:4:      uniq_edmund
D:5:      portal_sewer_entry_e, columned_hall_lemuel
D:6:      minmay_temple_entry_from_below_a, uniq_eustachio
D:7:      serial_glass, glass_columns_a, glass_columns_b, uniq_joseph
D:8:      serial_co_window_serial, co_window_paths_a, co_window_paths_a,
          co_window_corner_a, co_window_paths_a, co_window_corner_a,
          co_window_broadway_b, co_window_of_opportunity_b,
          co_window_broadway_a, co_window_2corner, co_window_4corner_b,
          co_window_4corner_a, glass_columns_b, glass_columns_b,
          glass_columns_c, glass_columns_a, glass_columns_b, david_nohive_1,
          sigmund_army
D:10:     grunt_lair_entry_orc_guard_hut, orc_0_dummy, serial_shops,
          nicolae_shop_competitors_out_of_business
D:11:     uniq_sonja
D:12:     st_stairs_9
D:13:     argonaut_gorgonesque
D:14:     david_vaults_3, bh_walls_and_bars
D:15:     gammafunk_enter_depths_forms, serial_glass, glass_columns_a,
          glass_columns_a, item_on_display_a, item_on_display_a,
          unseen_surprise_small, due_unseen_surprise, david_greed
Temple:   dpeg_three_leaves_temple
Lair:1:   lemuel_reptile_caves
Lair:2:   swamp_mist_pool, dummy_snake_entry, minivault_25,
          eino_small_chamber_without_monster, uniq_gastronok
Lair:3:   cheibrodos_lair_lostbears, grunt_megastairs_4,
          minmay_lair_oklob_chamber, lemuel_fruit_tree, lemuel_fruit_fields,
          infiniplex_staircase_pool
Lair:4:   beast_lair_carwin_1, grunt_megastairs_1, lemuel_fruit_fields,
          infiniplex_staircase_pool_2, uniq_rupert
Sewer:    sewer_co_15_rooms

Skill      XL: |  1  2  3  4  5  6  7  8  9 10 11 12 13 |
---------------+----------------------------------------+-----
Fighting       | 1 2 3 4 5 6 7 9 |  9.1
Spellcasting   | 3 4 5 6 7 8 9 10 | 10.0
Ice Magic      | 4 5 6 8 10 | 10.3
Dodging        | 3 4 5 6 7 8 9 |  9.3
Summonings     | 2 |  2.0
Conjurations   | 2 4 6 8 |  8.9
Invocations    | 3 6 8 9 10 | 10.5
Air Magic      | 4 |  4.0
Translocations | 4 |  4.3
Stealth        | |  2.6

Action                   |  1- 3 |  4- 6 |  7- 9 | 10-12 | 13-15 || total
-------------------------+-------+-------+-------+-------+-------++-------
Melee: Unarmed           |    10 |    35 |       |       |       ||    45
       Short sword       |    27 |    30 |       |       |       ||    57
       Constrict         |    10 |    43 |    31 |    24 |    23 ||   131
       Tentacles         |     6 |    24 |    22 |    52 |    33 ||   137
       Staff             |       |    66 |    71 |    59 |    48 ||   244
       Rapier            |       |       |    65 |    81 |    20 ||   166
 Cast: Freeze            |     4 |    73 |    82 |   151 |    29 ||   339
       Ozocubu's Armour  |       |     4 |    22 |    71 |    21 ||   118
       Summon Ice Beast  |       |       |    29 |   135 |    23 ||   187
       Throw Icicle      |       |       |    13 |   143 |    27 ||   183
       Freezing Cloud    |       |       |       |     1 |    12 ||    13
       Blink             |       |       |       |       |     1 ||     1
Invok: Bend Time         |       |       |       |     6 |     1 ||     7
       Slouch            |       |       |       |     2 |     4 ||     6
       Temporal Distorti |       |       |       |     1 |     1 ||     2
Evoke: Wand              |       |       |       |     4 |     1 ||     5
  Use: Scroll            |     1 |     1 |     9 |    13 |     6 ||    30
       Potion            |       |     2 |     1 |    10 |     3 ||    16
 Stab: Sleeping          |     7 |    14 |    11 |     5 |     1 ||    38
       Paralysed         |     2 |       |       |       |       ||     2
       Distracted        |       |       |     1 |     2 |     2 ||     5
  Eat: Chunk             |       |    10 |    16 |     6 |     2 ||    34
       Ration            |       |       |     1 |     6 |     1 ||     8
Armor: Skin              |     3 |     8 |    29 |    82 |    34 ||   156
Dodge: Dodged            |    20 |   138 |   197 |   324 |   145 ||   824

Table legend:
 A = Spawn XP
 B = Non-spawn XP
 C = Spawn XP percentage of total XP
 D = Spawn monster count
 E = Non-spawn monster count
 F = Spawn count percentage of total count
 G = Total turns spent on level
                    A         B        C        D         E        F      G
               +---------+---------+-------+---------+---------+-------+---------
         Total |       0 |   56060 |   0.0 |       0 |     461 |   0.0 | 20521
               +---------+---------+-------+---------+---------+-------+---------
           D:1 |       0 |      14 |   0.0 |       0 |       8 |   0.0 |   550
           D:2 |       0 |     149 |   0.0 |       0 |      26 |   0.0 |  1235
           D:3 |       0 |      77 |   0.0 |       0 |      20 |   0.0 |   985
           D:4 |       0 |     224 |   0.0 |       0 |      12 |   0.0 |   894
           D:5 |       0 |     537 |   0.0 |       0 |      28 |   0.0 |  1010
           D:6 |       0 |     683 |   0.0 |       0 |      20 |   0.0 |  1000
           D:7 |       0 |     641 |   0.0 |       0 |      18 |   0.0 |   760
           D:8 |       0 |    1794 |   0.0 |       0 |      18 |   0.0 |  1345
           D:9 |       0 |    3238 |   0.0 |       0 |      31 |   0.0 |  1152
          D:10 |       0 |    2153 |   0.0 |       0 |      19 |   0.0 |  2279
          D:11 |       0 |    4912 |   0.0 |       0 |      26 |   0.0 |  1141
          D:12 |       0 |    3252 |   0.0 |       0 |      32 |   0.0 |  1344
          D:13 |       0 |    6410 |   0.0 |       0 |      36 |   0.0 |  1547
          D:14 |       0 |   11835 |   0.0 |       0 |      48 |   0.0 |   887
          D:15 |       0 |    6030 |   0.0 |       0 |      14 |   0.0 |   153
        Lair:1 |       0 |    2473 |   0.0 |       0 |      39 |   0.0 |  1321
        Lair:2 |       0 |    4138 |   0.0 |       0 |      15 |   0.0 |   767
        Lair:3 |       0 |    3443 |   0.0 |       0 |      13 |   0.0 |  1101
        Lair:4 |       0 |    3384 |   0.0 |       0 |      12 |   0.0 |   699
         Orc:1 |       0 |     407 |   0.0 |       0 |       9 |   0.0 |    10
         Sewer |       0 |     266 |   0.0 |       0 |      17 |   0.0 |   259
               +---------+---------+-------+---------+---------+-------+---------
